 Dungeon Crawl Stone Soup version 0.29.0-13-gc9e81de378 (webtiles) character file.

Game seed: 4996218420796843457

76 Ofeo the Firebug (level 4, 0/33 HPs)
             Began as a Meteoran Fire Elementalist on Sept 9, 2022.
             Succumbed to a scorpion's poison
             ... on level 4 of the Dungeon.
             The game lasted 00:02:09 (228 turns).

Ofeo the Firebug (Meteoran Fire Elementalist)        Turns: 228, Time: 00:02:10

Health: 0/33       AC:  2    Str:  9    XL:     4   Next: 87%
Magic:  0/10       EV: 13    Int: 24    God:
Gold:   7          SH:  0    Dex: 15    Spells: 6/9 levels left

rFire   . . .      SeeInvis .   (no weapon)
rCold   . . .      Faith    .   (no shield)
rNeg    . . .      Spirit   .   a - +0 robe
rPois   .          Reflect  .   (no helmet)
rElec   .          Harm     .   (no cloak)
rCorr   .          Rampage  .   (no gloves)
Will    .....                   (no boots)
Stlth   +.........              (no amulet)
HPRegen 0.11/turn               d - +6 ring of intelligence
MPRegen 0.12/turn               (no ring)

@: lethally poisoned (0 -> -1), very slightly contaminated, glowing
A: sense surroundings 1, otherworldly, glowing, explore regen
a: no special abilities


You were on level 4 of the Dungeon.
You visited 1 branch of the dungeon, and saw 4 of its levels.

You collected 7 gold pieces.

Inventory:

Armour
 a - a +0 robe (worn)
Jewellery
 d - a +6 ring of intelligence (left hand)
Scrolls
 e - a scroll of teleportation {@r3}
Potions
 b - a potion of magic
 c - a potion of curing {unknown}
 f - a potion of invisibility {unknown}


   Skills:
 + Level 3.2 Dodging
 + Level 2.0 Stealth
 + Level 3.4 Spellcasting
 + Level 2.3 Conjurations
 + Level 4.2 Fire Magic


You had 6 spell levels left.
You knew the following spells:

 Your Spells              Type           Power      Damage    Failure   Level
a - Foxfire               Conj/Fire      76%        2x1d7     2%          1
b - Scorch                Fire           48%        2d7       2%          2

Your spell library contained the following spells:

 Spells                   Type           Power      Damage    Failure   Level
 Conjure Flame            Conj/Fire      19%        6-21      9%          3
 Inner Flame              Hex/Fire       14%        N/A       13%         3
 Flame Wave               Conj/Fire      19%        2d7       26%         4


Dungeon Overview and Level Annotations

Branches:
Dungeon (4/15) Zot: 2173
 Temple: D:4-7

Altars:


Innate Abilities, Weirdness & Mutations

You passively map a small area around you.
You are easily found by Zot.
You glow in the dark.
You regain HP and MP as you explore.


Message History

You take 6 damage, and have 24/33 hp.
You now have 2/10 mp.
Casting: Scorch (safe; 2% risk of failure)
Confirm with . or Enter, or press ? or * to list all spells.
Flames lash the scorpion.
The scorpion is burned terribly!
The scorpion is almost dead.
You feel very sick. The scorpion closely misses you. x2
You take 3 damage, and have 21/33 hp.
You now have 0/10 mp.
Casting: Scorch (safe; 2% risk of failure)
Confirm with . or Enter, or press ? or * to list all spells.
Okay, then.
The scorpion attacks as you move away! The scorpion stings you.
You feel very sick.
You take 9 damage, and have 12/33 hp.
MASSIVE DAMAGE!!
You feel sick.
You take 2 damage, and have 10/33 hp.
You feel sick. The scorpion attacks as you move away! The scorpion stings you.
* * * LOW HITPOINT WARNING * * *
x2 You feel sick.
You take 6 damage, and have 4/33 hp.
* * * LOW HITPOINT WARNING * * *
You feel sick. The scorpion misses you.
You take 1 damage, and have 3/33 hp.
* * * LOW HITPOINT WARNING * * *
You feel sick.
You take 1 damage, and have 2/33 hp.
Casting: Scorch (safe; 2% risk of failure)
Confirm with . or Enter, or press ? or * to list all spells.
You miscast Foxfire.
You are very lightly contaminated with residual magic.
Nothing appears to happen.
* * * LOW HITPOINT WARNING * * *
You feel sick. The scorpion barely misses you.
You take 1 damage, and have 1/33 hp.
Casting: Foxfire (safe; 2% risk of failure)
Confirm with . or Enter, or press ? or * to list all spells.
You conjure some foxfire!
You die...

#.#####.##.#.........
#.....#.##.#.######## *,
*#.<....#.# #..# , #.#.##.#.#
### #..# #B#.##.#.# #.. ,,.... *
* *#!#.##.#.# #.# *#s.# *
......B†....#.###.# #..#
######...####..##v######..######
, ..#.#...#'#@v.......>.....# *
###.#...#.##s#.####..# ,*
.#####..##........# *
.........##......)# * ,
,,⌠..<..⌠...'.#####.#
.........#### *.# .#####..## .#
, , #.##, .# , #+# .#


You could see a scorpion (combustible, ally target).

Vanquished Creatures
  2 hounds (D:4)
  A dart slug (D:2)
  A giant cockroach (D:4)
  A ball python (D:4)
  3 bats
  4 kobolds
  A rat (D:3)
13 creatures vanquished.

Vanquished Creatures (others)
  26 foxfires
26 creatures vanquished.

Grand Total: 39 creatures vanquished

Notes
Turn   | Place    | Note
-------+----------+-------------------------------------------
     0 | D:1      | Ofeo the Meteoran Fire Elementalist began the quest for the
                  | Orb.
     0 | D:1      | Reached XP level 1. HP: 14/14 MP: 5/5
    54 | D:2      | Reached XP level 2. HP: 20/20 MP: 3/6
    96 | D:2      | HP: 1/20 [gnoll/+0 halberd (13)]
   173 | D:4      | Noticed a hound
   177 | D:4      | Learned a level 2 spell: Scorch
   178 | D:4      | Killed a hound
   179 | D:4      | Reached skill level 4 in Fire Magic
   179 | D:4      | Reached XP level 3. HP: 22/26 MP: 2/8
   179 | D:4      | Reached XP level 4. HP: 29/33 MP: 2/9
   212 | D:4      | Noticed a scorpion
   227 | D:4      | HP: 1/33 [poisoned by a scorpion]
   228 | D:4      | Succumbed to a scorpion's poison

Illustrated notes

Levels and vault maps discovered:
D:1:      amcnicky_arrival_single_pillar, layout_loops_ring, serial_bayou_ford_a
D:2:      layout_basic, hellmonk_ecumenical_altar_inner_sanctum,
          grunt_decor_junction
D:3:      layout_rooms, gammafunk_ghost_cemetery, serial_shops,
          nicolae_shop_trees
D:4:      layout_basic, okawaru_ov_weapons_minmay, grunt_ministairs_15,
          hangedman_decor_opposing

Skill      XL: |  1  2  3  4 |
---------------+-------------+-----
Dodging        | 3 |  3.2
Spellcasting   | 3 |  3.4
Conjurations   | 2 |  2.3
Fire Magic     | 4 |  4.2
Stealth        | 2 |  2.0

Action                   |  1- 3 |  4- 6 || total
-------------------------+-------+-------++-------
Melee: Unarmed           |     2 |       ||     2
 Cast: Foxfire           |    15 |     1 ||    16
       Scorch            |     2 |     7 ||     9
  Use: Scroll            |     2 |       ||     2
Armor: Robe              |     5 |       ||     5
Dodge: Dodged            |    10 |     4 ||    14
